Islanders vs Golden Seals

Created - 25 janvier 2024 at 21:00

Goals
1 2 3 T
Islanders 1 0 3 4
Golden Seals 0 0 1 1
Shots
1 2 3 T
Islanders 14 7 14 35
Golden Seals 8 12 10 30

GoalsPenalties
1st period
1. Islanders , Rickard Rakell 20 (Mark Giordano 8, Jordan Staal 14) at 18:53
Jake McCabe (CLF) for Roughing (Double Minor) at 11:48
2nd period
No Goal
Brady Skjei (NYI) for Roughing (Minor) at 4:16
Jake McCabe (CLF) for Tripping (Minor) at 10:27
Jason Robertson (CLF) for Slashing (Minor) at 16:55
3rd period
2. Golden Seals , William Karlsson 19 (Jaden Schwartz 15, Andrei Vasilevskiy) at 1:12
3. Islanders , Rickard Rakell 21 (Joe Pavelski 23) at 3:04 (PP)
4. Islanders , Rickard Rakell 22 (Joe Pavelski 24, Kevin Shattenkirk 12) at 5:40 (PP)
5. Islanders , Brady Skjei 4 (Nick Schmaltz 12, Johnny Gaudreau 16) at 11:48 (PP)
Jason Robertson (CLF) for Slashing (Minor) at 2:22
Nick Suzuki (CLF) for Roughing (Minor) at 4:36
Nick Suzuki (CLF) for Interference (Minor) at 11:30
Frank Vatrano (NYI) for Interference (Minor) at 12:18
Goalie Stats
Linus Ullmark (NYI), 29 saves from 30 shots - (0,967), W, 23-8-3, 60:00 minutes
Andrei Vasilevskiy (CLF), 31 saves from 35 shots - (0,886), L, 18-8-4, 60:00 minutes
3 StarsOfficial
1 - Rickard Rakell (NYI)
2 - Linus Ullmark (NYI)
3 - Jordan Staal (NYI)
Referees : Brandon Schrader and Andrew Howard
Linesman : Matt Brady and Julien Fournier
Game Note
Rickard Rakell has scored a Hat Trick!
Finance
Level 1 -- Attendance: 6000 (100,00%) -- Ticket Income $360,000
Level 2 -- Attendance: 5000 (100,00%) -- Ticket Income $175,000
Level 3 -- Attendance: 2000 (100,00%) -- Ticket Income $32,000
Level 4 -- Attendance: 4000 (100,00%) -- Ticket Income $40,000
Luxury Box -- Attendance: 1000 (100,00%) -- Ticket Income $100,000
Game was played at the Sideburns Coliseum.
Total Attendance: 18000 (100,00%)
Total Ticket Income: $707,000
Other Income: $346,430
Total Income: $1,053,430



Team Name Goals Shots Shots Attemp Shots Blocked PIM HIT PP PK FO%
Islanders 4356994233 / 7 (43%)050%
Golden Seals 130471214170 / 2 (0%)350%

Islanders
Player Name POS G A P +/- PIM HIT SHT SB MP PP MP PP SHT PK MP PK SHT FO% FOT GA TA
Brady SkjeiD1010212021:245:5110:0000% 001
Brent BurnsRW/D000-1001022:135:2710:0000% 010
Brock NelsonC/LW0000031019:564:4700:00046% 2600
Frank VatranoC/LW/RW0001222115:414:1700:000100% 210
Ian ColeD000-1011018:260:3901:5500% 000
Jason DickinsonC/LW000-100118:140:0002:04050% 400
Jason ZuckerLW/RW0000010014:140:5700:0000% 000
Jean-Gabriel PageauC/LW/RW0000014016:050:4701:54064% 1420
Jesper FastLW/RW000-101108:400:5701:5000% 000
Joe PavelskiC/LW/RW0220026017:254:1700:00033% 310
Johnny GaudreauLW0110001119:564:4710:00033% 300
Jordan StaalC/LW0111040113:200:1001:44050% 1200
Kevin ShattenkirkD0111011020:343:5502:0300% 000
Mark GiordanoD0111010120:343:5502:0300% 000
Morgan BarronC/LW/RW000-101006:340:0000:2400% 000
Nick SchmaltzC/LW/RW0110023020:234:4710:0000% 200
Rickard RakellLW/RW30310110315:344:1730:0000% 000
William BorgenD0000011116:470:1501:5500% 002
Golden Seals
Player Name POS G A P +/- PIM HIT SHT SB MP PP MP PP SHT PK MP PK SHT FO% FOT GA TA
Barclay GoodrowC/LW/RW000002119:390:0500:55025% 401
Bobby BrinkRW000000000:170:0200:0000% 000
Cody CeciD000-1020427:141:5506:1800% 000
Dysin MayoD0001001119:080:0003:5910% 000
Jaden SchwartzLW/RW0110012014:161:4600:0900% 010
Jake McCabeD0001621318:522:0301:1000% 002
Jason RobertsonLW/RW0000405117:592:0700:000100% 110
Jonatan BerggrenC/LW/RW000-100009:340:0800:0000% 000
Jonathan ToewsC0000013014:241:5502:46043% 701
Kurtis MacDermidD000-1000119:460:0001:4900% 000
Max DomiC/LW0000001015:471:4601:3600% 000
Nick CousinsC000001108:240:0000:0000% 000
Nick SuzukiC/RW0001430022:202:0704:33053% 3610
Ondrej KaseLW/RW0000001015:180:0005:41050% 200
Robby FabbriC/LW/RW0000003011:242:0310:1900% 000
Robert HaggD0000021012:050:0000:2400% 000
Thomas HarleyD0000021117:250:0005:5800% 000
Tyler ToffoliC/LW/RW0000016017:262:0700:00033% 300
William KarlssonC1010003018:351:4604:27054% 1301

Islanders

5 vs 5 Forward
Line #Left WingCenterRight WingPHYDFOFWanted %Time %Time Play
1Johnny GaudreauBrock NelsonNick Schmaltz1223433%15:01
2Jason ZuckerJean-Gabriel PageauJoe Pavelski1223229%13:34
3Frank VatranoJordan StaalRickard Rakell1222825%11:17
4Morgan BarronJason DickinsonJesper Fast131613%6:09
5 vs 5 Defense
Line #DefenseDefensePHYDFOFWanted %Time %Time Play
1Ian ColeBrent Burns1223533%15:23
2Mark GiordanoKevin Shattenkirk1223333%15:05
3Brady SkjeiWilliam Borgen1223231%14:11
4Brady SkjeiBrent Burns12203%1:22
Power Play Forward
Line #Left WingCenterRight WingPHYDFOFWanted %Time %Time Play
1Frank VatranoJoe PavelskiRickard Rakell0055051%5:04
2Johnny GaudreauBrock NelsonNick Schmaltz0055049%4:57
Power Play Defense
Line #DefenseDefensePHYDFOFWanted %Time %Time Play
1Brady SkjeiBrent Burns0147061%6:06
2Mark GiordanoKevin Shattenkirk0143039%3:55
Penalty Kill 4 Players Forward
Line #CenterWingPHYDFOFWanted %Time %Time Play
1Jason DickinsonJesper Fast1405052%2:04
2Jordan StaalJean-Gabriel Pageau1405048%1:54
Penalty Kill 4 Players Defense
Line #DefenseDefensePHYDFOFWanted %Time %Time Play
1Ian ColeWilliam Borgen1405048%1:55
2Mark GiordanoKevin Shattenkirk1405052%2:03
Penalty Kill 3 Players
Line #WingPHYDFOFWanted %Time %Time PlayDefenseDefensePHYDFOFWanted %Time %Time Play
1Jordan Staal140500%0:00 Ian ColeWilliam Borgen140500%0:00
2Jean-Gabriel Pageau140500%0:00 Mark GiordanoKevin Shattenkirk140500%0:00
4 vs 4 Forward
Line #CenterWingPHYDFOFWanted %Time %Time Play
1Brock NelsonJohnny Gaudreau122500%0:00
2Jean-Gabriel PageauJoe Pavelski122500%0:00
4 vs 4 Defense
Line #DefensePHYDFOFWanted %Time %Time Play
1Ian ColeBrent Burns122500%0:00
2Mark GiordanoKevin Shattenkirk122500%0:00
Last Minutes Offensive
Left WingCenterRight WingDefenseDefense
Johnny GaudreauBrock NelsonJoe PavelskiBrady SkjeiBrent Burns
Last Minutes Defensive
Left WingCenterRight WingDefenseDefense
Jason DickinsonJordan StaalJean-Gabriel PageauIan ColeWilliam Borgen
Time
Total ForwardTotal DefenseLast Minutes OffensiveLast Minutes Defensive
60:00 60:00 0:000:00
Extra Forwards
Normal PowerPlayPenalty Kill
Brock Nelson, Joe Pavelski, Rickard RakellJason Zucker, Jean-Gabriel PageauMorgan Barron
Extra Defensemen
Normal PowerPlayPenalty Kill
Brent Burns, Kevin Shattenkirk, Brady SkjeiIan Cole, Brady SkjeiBrent Burns
Penalty Shots
Mark Giordano, Joe Pavelski, Rickard Rakell, Kevin Shattenkirk, Jesper Fast
Goalie
Linus Ullmark, Scott Wedgewood
Custom OT Lines Forwards
Brock Nelson, Johnny Gaudreau, Joe Pavelski, Nick Schmaltz, Jean-Gabriel Pageau, Jason Zucker, Jordan Staal, Rickard Rakell, Jason Dickinson, Frank Vatrano
Custom OT Lines Defensemen
Brent Burns, Brady Skjei, Mark Giordano, Kevin Shattenkirk, Ian Cole
Scratches
Tomas Nosek (Healthy), Colin Miller (Healthy)

Golden Seals

5 vs 5 Forward
Line #Left WingCenterRight WingPHYDFOFWanted %Time %Time Play
1Jason RobertsonNick SuzukiTyler Toffoli0233735%16:13
2Max DomiWilliam KarlssonJaden Schwartz0233027%12:22
3Robby FabbriJonathan ToewsOndrej Kase0232320%9:02
4Nick CousinsBarclay GoodrowJonatan Berggren1221018%8:24
5 vs 5 Defense
Line #DefenseDefensePHYDFOFWanted %Time %Time Play
1Kurtis MacDermidCody Ceci0414041%18:53
2Jake McCabeDysin Mayo0413333%15:14
3Robert HaggThomas Harley0412726%11:54
4Cody CeciJake McCabe12200%0:00
Power Play Forward
Line #Left WingCenterRight WingPHYDFOFWanted %Time %Time Play
1Jason RobertsonNick SuzukiTyler Toffoli0056055%2:12
2Max DomiWilliam KarlssonJaden Schwartz0054045%1:46
Power Play Defense
Line #DefenseDefensePHYDFOFWanted %Time %Time Play
1Jonathan ToewsCody Ceci0146048%1:55
2Robby FabbriJake McCabe0144052%2:03
Penalty Kill 4 Players Forward
Line #CenterWingPHYDFOFWanted %Time %Time Play
1Nick SuzukiOndrej Kase1316081%8:05
2Jonathan ToewsWilliam Karlsson1314019%1:56
Penalty Kill 4 Players Defense
Line #DefenseDefensePHYDFOFWanted %Time %Time Play
1Thomas HarleyCody Ceci1406046%4:39
2Jake McCabeDysin Mayo1404054%5:22
Penalty Kill 3 Players
Line #WingPHYDFOFWanted %Time %Time PlayDefenseDefensePHYDFOFWanted %Time %Time Play
1Nick Suzuki050600%0:00 Robert HaggCody Ceci050600%0:00
2William Karlsson050400%0:00 Jake McCabeDysin Mayo050400%0:00
4 vs 4 Forward
Line #CenterWingPHYDFOFWanted %Time %Time Play
1Nick SuzukiJason Robertson122600%0:00
2William KarlssonTyler Toffoli122400%0:00
4 vs 4 Defense
Line #DefensePHYDFOFWanted %Time %Time Play
1Kurtis MacDermidCody Ceci131600%0:00
2Jake McCabeDysin Mayo131400%0:00
Last Minutes Offensive
Left WingCenterRight WingDefenseDefense
Jason RobertsonNick SuzukiTyler ToffoliWilliam KarlssonJonathan Toews
Last Minutes Defensive
Left WingCenterRight WingDefenseDefense
Barclay GoodrowNick SuzukiTyler ToffoliKurtis MacDermidCody Ceci
Time
Total ForwardTotal DefenseLast Minutes OffensiveLast Minutes Defensive
60:00 60:00 0:000:00
Extra Forwards
Normal PowerPlayPenalty Kill
Jonatan Berggren, Nick Suzuki, William KarlssonJonatan Berggren, Jason RobertsonWilliam Karlsson
Extra Defensemen
Normal PowerPlayPenalty Kill
Jake McCabe, Thomas Harley, Cody CeciJake McCabe, Jake McCabeCody Ceci
Penalty Shots
Nick Suzuki, Jason Robertson, Tyler Toffoli, Jonathan Toews, William Karlsson
Goalie
Andrei Vasilevskiy, Pheonix Copley
Custom OT Lines Forwards
Nick Suzuki, Jason Robertson, Tyler Toffoli, Jonathan Toews, William Karlsson, Max Domi, Jaden Schwartz, Robby Fabbri, Jonatan Berggren, Ondrej Kase
Custom OT Lines Defensemen
Kurtis MacDermid, Jake McCabe, Cody Ceci, Dysin Mayo, Thomas Harley
Scratches
Colton Parayko (Healthy)


Play-by-Play

1st period


0:01 of 1st period - Brock Nelson wins face-off versus Nick Suzuki in neutral zone.
0:14 of 1st period - Backhand shot by Johnny Gaudreau.
0:14 of 1st period - Shot Misses the Net.
0:26 of 1st period - Ian Cole is hit by Cody Ceci and loses puck.
0:33 of 1st period - Backhand shot by Joe Pavelski.
0:33 of 1st period - Shot Blocked by Cody Ceci.
0:35 of 1st period - Snap shot by Jean-Gabriel Pageau.
0:35 of 1st period - Stopped by Andrei Vasilevskiy with a rebound.
0:51 of 1st period - Wrist shot by Jonathan Toews.
0:51 of 1st period - Deflect By Ondrej Kase.
0:51 of 1st period - Stopped by Linus Ullmark with a rebound.
1:22 of 1st period - Snap shot by Rickard Rakell.
1:22 of 1st period - Shot Misses the Net.
1:24 of 1st period - Wrist shot by Jordan Staal.
1:24 of 1st period - Shot Blocked by Kurtis MacDermid.
1:26 of 1st period - Slapshot by Kevin Shattenkirk.
1:26 of 1st period - Stopped by Andrei Vasilevskiy with a rebound.
1:32 of 1st period - Slapshot by Frank Vatrano.
1:32 of 1st period - Stopped by Andrei Vasilevskiy without a rebound.
1:33 of 1st period - Nick Suzuki wins face-off versus Johnny Gaudreau in Golden Seals zone.
2:08 of 1st period - Wrist shot by Joe Pavelski.
2:08 of 1st period - Stopped by Andrei Vasilevskiy without a rebound.
2:09 of 1st period - Jason Dickinson wins face-off versus Barclay Goodrow in Golden Seals zone.
2:16 of 1st period - Slapshot by Barclay Goodrow.
2:16 of 1st period - Shot Blocked by Jason Dickinson.
2:43 of 1st period - Snap shot by Joe Pavelski.
2:43 of 1st period - Shot Blocked by Jake McCabe.
2:45 of 1st period - Slapshot by Ian Cole.
2:45 of 1st period - Stopped by Andrei Vasilevskiy with a rebound.
2:59 of 1st period - Brady Skjei is hit by Jake McCabe and loses puck.
3:15 of 1st period - Snap shot by Max Domi.
3:15 of 1st period - Stopped by Linus Ullmark with a rebound.
3:29 of 1st period - Jaden Schwartz is hit by Mark Giordano and loses puck.
4:02 of 1st period - Snap shot by Jason Robertson.
4:02 of 1st period - Stopped by Linus Ullmark without a rebound.
4:03 of 1st period - Jean-Gabriel Pageau wins face-off versus Barclay Goodrow in Islanders zone.
5:00 of 1st period - Snap shot by Joe Pavelski.
5:00 of 1st period - Stopped by Andrei Vasilevskiy without a rebound.
5:01 of 1st period - Nick Suzuki wins face-off versus Brock Nelson in Golden Seals zone.
5:28 of 1st period - Cody Ceci is hit by Ian Cole and loses puck.
5:37 of 1st period - Snap shot by Rickard Rakell.
5:37 of 1st period - Stopped by Andrei Vasilevskiy without a rebound.
5:38 of 1st period - Jordan Staal wins face-off versus Nick Suzuki in Golden Seals zone.
5:39 of 1st period - Snap shot by Rickard Rakell.
5:39 of 1st period - Stopped by Andrei Vasilevskiy without a rebound.
5:40 of 1st period - Nick Suzuki wins face-off versus Jordan Staal in Golden Seals zone.
5:49 of 1st period - Nick Suzuki is hit by Jordan Staal.
6:05 of 1st period - Kevin Shattenkirk is hit by Jake McCabe and loses puck.
6:25 of 1st period - Off-side.
6:26 of 1st period - Jean-Gabriel Pageau wins face-off versus William Karlsson in neutral zone.
6:31 of 1st period - Wrist shot by Jean-Gabriel Pageau.
6:31 of 1st period - Stopped by Andrei Vasilevskiy without a rebound.
6:32 of 1st period - Nick Suzuki wins face-off versus Brock Nelson in Golden Seals zone.
6:32 of 1st period - Nick Suzuki is hit by Brock Nelson.
6:42 of 1st period - Slapshot by Tyler Toffoli.
6:42 of 1st period - Stopped by Linus Ullmark without a rebound.
6:43 of 1st period - Brock Nelson wins face-off versus Tyler Toffoli in Islanders zone.
7:14 of 1st period - Snap shot by Jaden Schwartz.
7:14 of 1st period - Stopped by Linus Ullmark without a rebound.
7:15 of 1st period - William Karlsson wins face-off versus Jean-Gabriel Pageau in Islanders zone.
7:29 of 1st period - Wrist shot by Joe Pavelski.
7:29 of 1st period - Stopped by Andrei Vasilevskiy with a rebound.
7:31 of 1st period - Snap shot by William Borgen.
7:31 of 1st period - Stopped by Andrei Vasilevskiy without a rebound.
7:32 of 1st period - Frank Vatrano wins face-off versus Nick Suzuki in Golden Seals zone.
7:35 of 1st period - Wrist shot by Jordan Staal.
7:35 of 1st period - Shot Blocked by Thomas Harley.
7:45 of 1st period - Wrist shot by Tyler Toffoli.
7:45 of 1st period - Stopped by Linus Ullmark without a rebound.
7:46 of 1st period - Brock Nelson wins face-off versus Ondrej Kase in Islanders zone.
8:22 of 1st period - Wrist shot by Tyler Toffoli.
8:22 of 1st period - Stopped by Linus Ullmark with a rebound.
9:45 of 1st period - Jean-Gabriel Pageau is hit by Nick Suzuki and loses puck.
10:04 of 1st period - Snap shot by Rickard Rakell.
10:04 of 1st period - Stopped by Andrei Vasilevskiy without a rebound.
10:05 of 1st period - Ondrej Kase wins face-off versus Brock Nelson in Golden Seals zone.
10:43 of 1st period - Snap shot by Robby Fabbri.
10:43 of 1st period - Stopped by Linus Ullmark without a rebound.
10:44 of 1st period - Nick Suzuki wins face-off versus Jordan Staal in Islanders zone.
11:11 of 1st period - Ian Cole is hit by Robert Hagg and loses puck.
11:30 of 1st period - Wrist shot by Brock Nelson.
11:30 of 1st period - Shot Misses the Net.
11:34 of 1st period - Snap shot by Jean-Gabriel Pageau.
11:34 of 1st period - Stopped by Andrei Vasilevskiy with a rebound.
11:36 of 1st period - Slapshot by Jason Zucker.
11:36 of 1st period - Shot Blocked by Dysin Mayo.
11:38 of 1st period - Snap shot by Jean-Gabriel Pageau.
11:38 of 1st period - Shot Misses the Net.
11:42 of 1st period - Slapshot by Joe Pavelski.
11:42 of 1st period - Shot Blocked by Jake McCabe.
11:48 of 1st period - Double Minor Penalty to Jake McCabe for Roughing.
11:49 of 1st period - Nick Suzuki wins face-off versus Joe Pavelski in Golden Seals zone.
12:00 of 1st period - Cody Ceci is hit by Joe Pavelski.
14:00 of 1st period - Kurtis MacDermid is hit by Jason Zucker and loses puck.
15:13 of 1st period - Mark Giordano is hit by Barclay Goodrow and loses puck.
15:48 of 1st period - Penalty to Jake McCabe is over, Jake McCabe is back on ice.
16:09 of 1st period - Jason Robertson is hit by William Borgen and loses puck.
17:07 of 1st period - Kevin Shattenkirk is hit by Jaden Schwartz and loses puck.
17:18 of 1st period - Robert Hagg is hit by Kevin Shattenkirk and loses puck.
17:29 of 1st period - Brady Skjei is hit by Robert Hagg.
18:41 of 1st period - Kurtis MacDermid is hit by Rickard Rakell.
18:47 of 1st period - Snap shot by Frank Vatrano.
18:47 of 1st period - Shot Misses the Net.
18:49 of 1st period - Wrist shot by Jordan Staal.
18:49 of 1st period - Shot Misses the Net.
18:51 of 1st period - Snap shot by Rickard Rakell.
18:51 of 1st period - Shot Misses the Net.
18:53 of 1st period - Slapshot by Mark Giordano.
18:53 of 1st period - Deflect By Rickard Rakell.
18:53 of 1st period - Goal by Rickard Rakell - Islanders : 1 - Golden Seals : 0.
18:54 of 1st period - Brock Nelson wins face-off versus Nick Suzuki in neutral zone.
19:08 of 1st period - Off-side.
19:09 of 1st period - Jean-Gabriel Pageau wins face-off versus William Karlsson in neutral zone.
19:43 of 1st period - Snap shot by Johnny Gaudreau.
19:43 of 1st period - Shot Blocked by Cody Ceci.
Goals for this period are 1 for Islanders vs 0 for Golden Seals.
Shots for this period are 14 for Islanders vs 8 for Golden Seals.

2nd period


0:01 of 2nd period - Nick Suzuki wins face-off versus Brock Nelson in neutral zone.
0:59 of 2nd period - Kurtis MacDermid is hit by Jesper Fast and loses puck.
1:30 of 2nd period - Snap shot by Jaden Schwartz.
1:30 of 2nd period - Deflect By William Karlsson.
1:30 of 2nd period - Shot Misses the Net.
1:30 of 2nd period - Puck is out of play.
1:31 of 2nd period - Nick Suzuki wins face-off versus Jean-Gabriel Pageau in Islanders zone.
1:32 of 2nd period - Snap shot by Jason Robertson.
1:32 of 2nd period - Stopped by Linus Ullmark without a rebound.
1:33 of 2nd period - Jean-Gabriel Pageau wins face-off versus Nick Suzuki in Islanders zone.
2:12 of 2nd period - Wrist shot by Robby Fabbri.
2:12 of 2nd period - Stopped by Linus Ullmark without a rebound.
2:13 of 2nd period - Barclay Goodrow wins face-off versus Jordan Staal in Islanders zone.
2:20 of 2nd period - Snap shot by Barclay Goodrow.
2:20 of 2nd period - Shot Blocked by Frank Vatrano.
2:22 of 2nd period - Snap shot by Robert Hagg.
2:22 of 2nd period - Stopped by Linus Ullmark without a rebound.
2:23 of 2nd period - Frank Vatrano wins face-off versus Barclay Goodrow in Islanders zone.
2:23 of 2nd period - Frank Vatrano is hit by Thomas Harley.
3:02 of 2nd period - Slapshot by Thomas Harley.
3:02 of 2nd period - Shot Misses the Net.
3:04 of 2nd period - Slapshot by Robert Hagg.
3:04 of 2nd period - Shot Blocked by Mark Giordano.
3:06 of 2nd period - Snap shot by Nick Cousins.
3:06 of 2nd period - Shot Blocked by Rickard Rakell.
3:08 of 2nd period - Slapshot by Robert Hagg.
3:08 of 2nd period - Shot Misses the Net.
3:10 of 2nd period - Slapshot by Thomas Harley.
3:10 of 2nd period - Shot Blocked by Rickard Rakell.
3:12 of 2nd period - Slapshot by Thomas Harley.
3:12 of 2nd period - Shot Blocked by Rickard Rakell.
3:38 of 2nd period - Slapshot by Thomas Harley.
3:38 of 2nd period - Stopped by Linus Ullmark without a rebound.
3:39 of 2nd period - Nick Suzuki wins face-off versus Jean-Gabriel Pageau in Islanders zone.
4:06 of 2nd period - Kurtis MacDermid is hit by Nick Schmaltz and loses puck.
4:16 of 2nd period - Minor Penalty to Brady Skjei for Roughing.
4:17 of 2nd period - Nick Suzuki wins face-off versus Jason Dickinson in Islanders zone.
5:29 of 2nd period - William Karlsson is hit by Jordan Staal and loses puck.
6:16 of 2nd period - Penalty to Brady Skjei is over, Brady Skjei is back on ice.
6:22 of 2nd period - Brock Nelson is hit by Cody Ceci and loses puck.
7:12 of 2nd period - Brent Burns is hit by Nick Cousins and loses puck.
7:54 of 2nd period - Slapshot by Jason Dickinson.
7:54 of 2nd period - Shot Misses the Net.
7:56 of 2nd period - Slapshot by William Borgen.
7:56 of 2nd period - Shot Blocked by Jake McCabe.
7:58 of 2nd period - Slapshot by Brady Skjei.
7:58 of 2nd period - Deflect By Nick Suzuki.
7:58 of 2nd period - Stopped by Andrei Vasilevskiy without a rebound.
7:59 of 2nd period - Jason Dickinson wins face-off versus Nick Suzuki in Golden Seals zone.
8:06 of 2nd period - Morgan Barron is hit by Tyler Toffoli and loses puck.
8:23 of 2nd period - Robert Hagg is hit by Brock Nelson and loses puck.
9:05 of 2nd period - Snap shot by Barclay Goodrow.
9:05 of 2nd period - Stopped by Linus Ullmark without a rebound.
9:06 of 2nd period - Jordan Staal wins face-off versus Nick Suzuki in Islanders zone.
9:06 of 2nd period - Jordan Staal is hit by Nick Suzuki.
9:16 of 2nd period - Wrist shot by Frank Vatrano.
9:16 of 2nd period - Stopped by Andrei Vasilevskiy without a rebound.
9:17 of 2nd period - Jean-Gabriel Pageau wins face-off versus Nick Suzuki in Golden Seals zone.
9:18 of 2nd period - Snap shot by Joe Pavelski.
9:18 of 2nd period - Shot Misses the Net.
9:23 of 2nd period - Off-side.
9:24 of 2nd period - Jean-Gabriel Pageau wins face-off versus Tyler Toffoli in neutral zone.
9:24 of 2nd period - Jean-Gabriel Pageau is hit by Nick Suzuki.
9:58 of 2nd period - Snap shot by William Karlsson.
9:58 of 2nd period - Stopped by Linus Ullmark without a rebound.
9:59 of 2nd period - Brock Nelson wins face-off versus Jonathan Toews in Islanders zone.
10:12 of 2nd period - Snap shot by Nick Schmaltz.
10:12 of 2nd period - Stopped by Andrei Vasilevskiy without a rebound.
10:13 of 2nd period - Jean-Gabriel Pageau wins face-off versus Nick Suzuki in Golden Seals zone.
10:24 of 2nd period - Snap shot by Joe Pavelski.
10:24 of 2nd period - Stopped by Andrei Vasilevskiy without a rebound.
10:25 of 2nd period - Nick Suzuki wins face-off versus Brock Nelson in Golden Seals zone.
10:27 of 2nd period - Minor Penalty to Jake McCabe for Tripping.
10:28 of 2nd period - Nick Suzuki wins face-off versus Nick Schmaltz in Golden Seals zone.
11:40 of 2nd period - Slapshot by Dysin Mayo.
11:40 of 2nd period - Stopped by Linus Ullmark without a rebound.
11:41 of 2nd period - Brock Nelson wins face-off versus Jonathan Toews in Islanders zone.
12:27 of 2nd period - Penalty to Jake McCabe is over, Jake McCabe is back on ice.
12:40 of 2nd period - Snap shot by William Karlsson.
12:40 of 2nd period - Stopped by Linus Ullmark with a rebound.
12:59 of 2nd period - Brent Burns is hit by Barclay Goodrow and loses puck.
13:04 of 2nd period - Snap shot by Barclay Goodrow.
13:04 of 2nd period - Shot Misses the Net.
13:06 of 2nd period - Wrist shot by Nick Cousins.
13:06 of 2nd period - Stopped by Linus Ullmark without a rebound.
13:07 of 2nd period - Nick Suzuki wins face-off versus Jordan Staal in Islanders zone.
13:14 of 2nd period - Slapshot by Tyler Toffoli.
13:14 of 2nd period - Stopped by Linus Ullmark without a rebound.
13:15 of 2nd period - Jordan Staal wins face-off versus Nick Suzuki in Islanders zone.
13:51 of 2nd period - Snap shot by Nick Suzuki.
13:51 of 2nd period - Shot Blocked by Jordan Staal.
14:09 of 2nd period - Slapshot by Jason Robertson.
14:09 of 2nd period - Stopped by Linus Ullmark without a rebound.
14:10 of 2nd period - William Karlsson wins face-off versus Brock Nelson in Islanders zone.
14:13 of 2nd period - Wrist shot by Jaden Schwartz.
14:13 of 2nd period - Stopped by Linus Ullmark with a rebound.
14:54 of 2nd period - Slapshot by Jason Zucker.
14:54 of 2nd period - Shot Misses the Net.
14:56 of 2nd period - Slapshot by Joe Pavelski.
14:56 of 2nd period - Shot Misses the Net.
14:58 of 2nd period - Slapshot by Ian Cole.
14:58 of 2nd period - Shot Misses the Net.
15:00 of 2nd period - Snap shot by Ian Cole.
15:00 of 2nd period - Shot Blocked by Barclay Goodrow.
15:02 of 2nd period - Backhand shot by Jean-Gabriel Pageau.
15:02 of 2nd period - Stopped by Andrei Vasilevskiy with a rebound.
15:22 of 2nd period - Jaden Schwartz is hit by Nick Schmaltz and loses puck.
15:35 of 2nd period - Ondrej Kase is hit by Morgan Barron.
16:11 of 2nd period - Slapshot by Jonatan Berggren.
16:11 of 2nd period - Shot Misses the Net.
16:21 of 2nd period - Snap shot by Rickard Rakell.
16:21 of 2nd period - Stopped by Andrei Vasilevskiy without a rebound.
16:22 of 2nd period - Brock Nelson wins face-off versus William Karlsson in Golden Seals zone.
16:55 of 2nd period - Minor Penalty to Jason Robertson for Slashing.
16:56 of 2nd period - Brock Nelson wins face-off versus Nick Suzuki in Golden Seals zone.
17:05 of 2nd period - Wrist shot by Nick Schmaltz.
17:05 of 2nd period - Shot Misses the Net.
17:07 of 2nd period - Snap shot by Brent Burns.
17:07 of 2nd period - Stopped by Andrei Vasilevskiy without a rebound.
17:08 of 2nd period - Brock Nelson wins face-off versus Nick Suzuki in Golden Seals zone.
18:55 of 2nd period - Penalty to Jason Robertson is over, Jason Robertson is back on ice.
19:24 of 2nd period - Jason Robertson is hit by Joe Pavelski and loses puck.
Goals for this period are 0 for Islanders vs 0 for Golden Seals.
Shots for this period are 7 for Islanders vs 12 for Golden Seals.

3rd period


0:01 of 3rd period - Tyler Toffoli wins face-off versus Brock Nelson in neutral zone.
1:12 of 3rd period - Snap shot by William Karlsson.
1:12 of 3rd period - Goal by William Karlsson - Islanders : 1 - Golden Seals : 1.
1:13 of 3rd period - Nick Suzuki wins face-off versus Brock Nelson in neutral zone.
1:47 of 3rd period - Icing by Kevin Shattenkirk.
1:48 of 3rd period - Jean-Gabriel Pageau wins face-off versus Jonathan Toews in Islanders zone.
2:22 of 3rd period - Minor Penalty to Jason Robertson for Slashing.
2:23 of 3rd period - Nick Suzuki wins face-off versus Brock Nelson in Golden Seals zone.
2:31 of 3rd period - Slapshot by Nick Schmaltz.
2:31 of 3rd period - Shot Misses the Net.
2:49 of 3rd period - Cody Ceci is hit by Brady Skjei and loses puck.
2:56 of 3rd period - Wrist shot by Rickard Rakell.
2:56 of 3rd period - Stopped by Andrei Vasilevskiy without a rebound.
2:57 of 3rd period - Joe Pavelski wins face-off versus Jonathan Toews in Golden Seals zone.
3:04 of 3rd period - Wrist shot by Rickard Rakell.
3:04 of 3rd period - Goal by Rickard Rakell - Islanders : 2 - Golden Seals : 1.
3:05 of 3rd period - Brock Nelson wins face-off versus William Karlsson in neutral zone.
3:10 of 3rd period - Snap shot by Brock Nelson.
3:10 of 3rd period - Stopped by Andrei Vasilevskiy without a rebound.
3:11 of 3rd period - William Karlsson wins face-off versus Brock Nelson in Golden Seals zone.
3:16 of 3rd period - Snap shot by Johnny Gaudreau.
3:16 of 3rd period - Shot Blocked by Cody Ceci.
4:04 of 3rd period - Snap shot by Jason Robertson.
4:04 of 3rd period - Stopped by Linus Ullmark with a rebound.
4:06 of 3rd period - Snap shot by Tyler Toffoli.
4:06 of 3rd period - Deflect By Joe Pavelski.
4:06 of 3rd period - Stopped by Linus Ullmark with a rebound.
4:08 of 3rd period - Slapshot by Tyler Toffoli.
4:08 of 3rd period - Stopped by Linus Ullmark with a rebound.
4:10 of 3rd period - Slapshot by Jason Robertson.
4:10 of 3rd period - Stopped by Linus Ullmark without a rebound.
4:11 of 3rd period - Jonathan Toews wins face-off versus Brock Nelson in Islanders zone.
4:16 of 3rd period - Snap shot by Jonathan Toews.
4:16 of 3rd period - Stopped by Linus Ullmark with a rebound.
4:18 of 3rd period - Slapshot by Dysin Mayo.
4:18 of 3rd period - Shot Blocked by Johnny Gaudreau.
4:20 of 3rd period - Slapshot by Ondrej Kase.
4:20 of 3rd period - Shot Blocked by William Borgen.
4:22 of 3rd period - Slapshot by Robby Fabbri.
4:22 of 3rd period - Deflect By Jonathan Toews.
4:22 of 3rd period - Stopped by Linus Ullmark without a rebound.
4:23 of 3rd period - Brock Nelson wins face-off versus Nick Suzuki in Islanders zone.
4:34 of 3rd period - Snap shot by Brock Nelson.
4:34 of 3rd period - Shot Misses the Net.
4:36 of 3rd period - Minor Penalty to Nick Suzuki for Roughing.
4:37 of 3rd period - Johnny Gaudreau wins face-off versus William Karlsson in Golden Seals zone.
4:40 of 3rd period - Snap shot by Brock Nelson.
4:40 of 3rd period - Shot Blocked by Cody Ceci.
4:50 of 3rd period - Snap shot by Johnny Gaudreau.
4:50 of 3rd period - Deflect By Nick Schmaltz.
4:50 of 3rd period - Stopped by Andrei Vasilevskiy without a rebound.
4:51 of 3rd period - William Karlsson wins face-off versus Joe Pavelski in Golden Seals zone.
4:51 of 3rd period - William Karlsson is hit by Frank Vatrano.
5:01 of 3rd period - Cody Ceci is hit by Frank Vatrano and loses puck.
5:18 of 3rd period - Slapshot by Johnny Gaudreau.
5:18 of 3rd period - Stopped by Andrei Vasilevskiy without a rebound.
5:19 of 3rd period - William Karlsson wins face-off versus Brock Nelson in Golden Seals zone.
5:40 of 3rd period - Slapshot by Rickard Rakell.
5:40 of 3rd period - Goal by Rickard Rakell - Islanders : 3 - Golden Seals : 1.
5:41 of 3rd period - Brock Nelson wins face-off versus Nick Suzuki in neutral zone.
6:52 of 3rd period - Wrist shot by Jesper Fast.
6:52 of 3rd period - Stopped by Andrei Vasilevskiy with a rebound.
6:56 of 3rd period - Snap shot by Jason Dickinson.
6:56 of 3rd period - Shot Misses the Net.
6:58 of 3rd period - Snap shot by Mark Giordano.
6:58 of 3rd period - Deflect By Jesper Fast.
6:58 of 3rd period - Shot Misses the Net.
6:58 of 3rd period - Puck is out of play.
6:59 of 3rd period - Jason Robertson wins face-off versus Brock Nelson in Golden Seals zone.
7:59 of 3rd period - Wrist shot by Joe Pavelski.
7:59 of 3rd period - Stopped by Andrei Vasilevskiy without a rebound.
8:00 of 3rd period - Jordan Staal wins face-off versus Nick Suzuki in Golden Seals zone.
8:01 of 3rd period - Wrist shot by Rickard Rakell.
8:01 of 3rd period - Stopped by Andrei Vasilevskiy without a rebound.
8:02 of 3rd period - Nick Suzuki wins face-off versus Jordan Staal in Golden Seals zone.
8:17 of 3rd period - Wrist shot by Rickard Rakell.
8:17 of 3rd period - Stopped by Andrei Vasilevskiy with a rebound.
8:27 of 3rd period - Jean-Gabriel Pageau is hit by Jonathan Toews and loses puck.
8:34 of 3rd period - Snap shot by Brent Burns.
8:34 of 3rd period - Shot Misses the Net.
10:17 of 3rd period - Off-side.
10:18 of 3rd period - William Karlsson wins face-off versus Jason Dickinson in neutral zone.
10:33 of 3rd period - Slapshot by Jake McCabe.
10:33 of 3rd period - Stopped by Linus Ullmark without a rebound.
10:34 of 3rd period - Nick Suzuki wins face-off versus Johnny Gaudreau in Islanders zone.
10:37 of 3rd period - Snap shot by Jason Robertson.
10:37 of 3rd period - Shot Hit the Post.
10:47 of 3rd period - Snap shot by Nick Schmaltz.
10:47 of 3rd period - Stopped by Andrei Vasilevskiy without a rebound.
10:48 of 3rd period - Jean-Gabriel Pageau wins face-off versus William Karlsson in Golden Seals zone.
11:03 of 3rd period - Wrist shot by Joe Pavelski.
11:03 of 3rd period - Stopped by Andrei Vasilevskiy with a rebound.
11:30 of 3rd period - Minor Penalty to Nick Suzuki for Interference.
11:31 of 3rd period - William Karlsson wins face-off versus Brock Nelson in Golden Seals zone.
11:46 of 3rd period - Slapshot by Nick Schmaltz.
11:46 of 3rd period - Shot Misses the Net.
11:48 of 3rd period - Slapshot by Brady Skjei.
11:48 of 3rd period - Goal by Brady Skjei - Islanders : 4 - Golden Seals : 1.
11:49 of 3rd period - Nick Suzuki wins face-off versus Jean-Gabriel Pageau in neutral zone.
12:04 of 3rd period - Snap shot by Joe Pavelski.
12:04 of 3rd period - Deflect By Jason Robertson.
12:04 of 3rd period - Shot Blocked by Jason Robertson.
12:04 of 3rd period - Puck is out of play.
12:05 of 3rd period - Jonathan Toews wins face-off versus Jordan Staal in Golden Seals zone.
12:05 of 3rd period - Jonathan Toews is hit by Jordan Staal.
12:18 of 3rd period - Minor Penalty to Frank Vatrano for Interference.
12:19 of 3rd period - Jordan Staal wins face-off versus Nick Suzuki in Islanders zone.
12:53 of 3rd period - Slapshot by Jesper Fast.
12:53 of 3rd period - Shot Misses the Net.
13:37 of 3rd period - Icing by Jake McCabe.
13:38 of 3rd period - Jordan Staal wins face-off versus Nick Suzuki in Golden Seals zone.
13:49 of 3rd period - Snap shot by Robby Fabbri.
13:49 of 3rd period - Stopped by Linus Ullmark with a rebound.
14:18 of 3rd period - Penalty to Frank Vatrano is over, Frank Vatrano is back on ice.
16:08 of 3rd period - Dysin Mayo is hit by Jordan Staal and loses puck.
16:31 of 3rd period - Snap shot by Nick Schmaltz.
16:31 of 3rd period - Deflect By Johnny Gaudreau.
16:31 of 3rd period - Shot Misses the Net.
16:31 of 3rd period - Puck is out of play.
16:32 of 3rd period - Jonathan Toews wins face-off versus Jean-Gabriel Pageau in Golden Seals zone.
16:32 of 3rd period - Jonathan Toews is hit by Jean-Gabriel Pageau.
16:48 of 3rd period - Slapshot by Joe Pavelski.
16:48 of 3rd period - Shot Misses the Net.
17:00 of 3rd period - Snap shot by Jason Dickinson.
17:00 of 3rd period - Stopped by Andrei Vasilevskiy with a rebound.
17:20 of 3rd period - Jake McCabe is hit by Brock Nelson and loses puck.
17:47 of 3rd period - Snap shot by Max Domi.
17:47 of 3rd period - Shot Misses the Net.
18:23 of 3rd period - Ian Cole is hit by Thomas Harley and loses puck.
19:28 of 3rd period - Slapshot by Jonathan Toews.
19:28 of 3rd period - Stopped by Linus Ullmark without a rebound.
19:29 of 3rd period - Nick Suzuki wins face-off versus Nick Schmaltz in Islanders zone.
19:46 of 3rd period - Snap shot by Tyler Toffoli.
19:46 of 3rd period - Shot Misses the Net.
Goals for this period are 3 for Islanders vs 1 for Golden Seals.
Shots for this period are 14 for Islanders vs 10 for Golden Seals.